Map: Coda LE (Void)

Players

EoliticK

  • Race: Zerg Zerg

Bop - Winner!

  • Race: Zerg Zerg

VOD

Have the link to the VOD?

Description

Time

  • Played on: May 6, 2015, 4:05 a.m.
  • Length: 11:57
Show
View Real Time Build Order
Export as new Build Order

EoliticK Zerg 

Build Orders: Pool First 

Get SALT Encoding   

  12  0:01  Drone  
  13  0:09  Drone  
  14  0:18  Overlord  
  14  0:23  Drone, Extractor  
  15  0:36  Drone x2  
  17  0:44  Drone  
  18  0:50  Spawning Pool  
  17  1:11  Hatchery  
  17  1:13  Drone  
  17  1:18  Drone  
  17  1:19  Extractor  
  17  1:22  Drone  
  18  1:28  Overlord  
  18  1:38  Queen  
  20  1:42  Zergling x2  
  21  1:49  Drone  
  22  2:02  Drone  
  23  2:11  Drone  
  23  2:14  Queen  
  26  2:24  Overlord  
  26  2:26  Metabolic Boost  
  26  2:28  Drone  
  27  2:40  Queen  
  27  2:42  Spine Crawler  
  27  2:43  Drone x2  
  30  2:44  Drone  
  30  2:52  Drone x3  
  30  2:57  Drone x2  
  35  3:04  Zergling x4  
  37  3:12  Roach Warren  
  36  3:17  Overlord  
  36  3:35  Drone x9  
  36  3:38  Extractor  
  36  3:39  Drone, Extractor  
  44  3:51  Zergling x2  
  44  3:52  Zergling x10  
  44  3:53  Zergling x2  
  51  4:07  Overlord x3  
  51  4:08  Overlord  
  51  4:27  Roach x6  
  51  4:28  Roach  
  51  4:31  Roach  
  66  4:51  Roach  
  68  4:54  Ravager x2  
  68  4:55  Ravager x2  
  72  5:02  Overlord x4  
  72  5:03  Drone x4  
  76  5:20  Hatchery  
  75  5:22  Zergling x2  
  75  5:23  Zergling x8  
  75  5:24  Zergling x2  
  81  5:32  Overlord x2  
  81  5:34  Drone x2  
  83  5:41  Evolution Chamber  
  82  5:43  Lair  
  82  5:51  Drone  
  73  6:18  Roach, Zergling x4  
  65  6:19  Zergling x18  
  68  6:30  Zerg Missile Weapons Level 1, Burrow  
  68  6:31  Roach x5  
  76  6:38  Ravager x3  
  79  6:42  Glial Reconstitution  
  79  6:44  Drone x5  
  84  6:54  Drone x9  
  92  7:08  Drone  
  92  7:09  Drone x8  
  82  7:19  Extractor  
  82  7:22  Spire, Extractor  
  79  7:23  Extractor  
  79  7:25  Overseer  
  79  7:26  Drone x3  
  79  7:27  Drone x2  
  85  7:30  Drone x2  
  85  7:31  Roach x3  
  85  7:34  Roach  
  85  7:35  Roach  
  91  8:00  Roach  
  91  8:01  Roach x11  
  91  8:04  Roach x4  
  112  8:06  Roach x2  
  112  8:20  Roach x2  
  106  8:35  Hatchery  
  103  8:43  Mutalisk x6  
  111  8:57  Mutalisk  
  111  8:58  Mutalisk  
  107  9:09  Mutalisk  
  107  9:11  Overlord x4  
  107  9:26  Overlord x4  
  107  9:27  Queen  
  109  9:36  Mutalisk x3  
  115  9:39  Mutalisk  
  117  10:10  Overseer  
  117  10:11  Hatchery  
  116  10:14  Overseer  
  116  10:22  Overlord x2  
  116  10:31  Infestation Pit  
  116  10:34  Drone x2  
  116  10:35  Spine Crawler, Zergling x16  
  120  10:36  Spine Crawler x2, Zergling x22  
  120  10:37  Zergling x2  
  120  10:39  Zergling x2  
  135  10:44  Roach x2  
  139  11:00  Pneumatized Carapace  
  121  11:35  Roach  
  121  11:36  Roach x20  
Show
View Real Time Build Order
Export as new Build Order

Bop Zerg - Winner!

Build Orders: Hatch First, Lurkers 

Get SALT Encoding   

  12  0:01  Drone  
  13  0:13  Overlord  
  13  0:22  Drone  
  14  0:31  Drone x2  
  16  0:36  Drone  
  17  0:56  Hatchery  
  16  0:59  Drone  
  16  1:00  Drone  
  16  1:03  Extractor  
  17  1:09  Drone  
  18  1:21  Spawning Pool  
  18  1:23  Drone  
  18  1:30  Drone  
  19  1:40  Overlord  
  19  1:50  Drone  
  20  2:03  Drone  
  20  2:07  Metabolic Boost  
  20  2:08  Queen  
  21  2:10  Queen  
  25  2:19  Zergling x4  
  27  2:24  Drone x2  
  27  2:29  Drone  
  30  2:35  Baneling Nest  
  30  2:37  Drone  
  29  2:52  Overlord  
  29  2:53  Overlord  
  29  3:03  Lair  
  29  3:13  Drone x5  
  29  3:19  Drone x2  
  36  3:29  Drone x4  
  39  3:38  Drone x4  
  43  3:48  Extractor x2  
  43  3:54  Drone  
  43  3:55  Drone, Overlord x2  
  43  4:03  Hydralisk Den  
  43  4:06  Zergling x2  
  43  4:10  Baneling  
  43  4:12  Queen  
  43  4:16  Drone x3  
  48  4:18  Drone  
  48  4:19  Zergling x6  
  51  4:24  Zergling x2  
  51  4:25  Zergling x6  
  51  4:26  Baneling  
  51  4:27  Baneling  
  51  4:29  Lurker Den  
  53  4:33  Zergling x4  
  55  4:39  Overlord  
  55  4:47  Hydralisk x2  
  59  4:58  Overlord  
  59  4:59  Drone  
  60  5:01  Extractor  
  60  5:05  Drone  
  60  5:07  Queen  
  60  5:08  Overlord  
  62  5:14  Drone x2  
  62  5:21  Zergling x6  
  67  5:23  Spine Crawler  
  67  5:25  Overlord x2  
  65  5:39  Hydralisk  
  65  5:40  Hydralisk  
  65  5:41  Infestation Pit  
  68  5:49  Hatchery  
  67  5:56  Lurker x2  
  69  6:01  Hydralisk x5  
  78  6:11  Zergling x14  
  68  6:21  Zergling x4  
  66  6:30  Lurker x5  
  66  6:31  Zergling x8  
  75  6:43  Hive  
  75  6:44  Zergling x6  
  78  6:47  Overseer  
  78  6:48  Overseer  
  78  6:56  Overlord  
  77  7:06  Zergling x10  
  82  7:15  Lurker  
  83  7:16  Drone x2  
  83  7:17  Queen  
  83  7:18  Queen  
  89  7:31  Drone x2  
  89  7:32  Evolution Chamber, Drone x2  
  89  7:33  Drone  
  89  7:35  Spore Crawler  
  92  7:42  Overlord  
  92  7:54  Drone x10  
  94  8:03  Zerg Melee Weapons Level 1  
  94  8:04  Ultralisk Cavern  
  89  8:14  Hydralisk  
  89  8:15  Hydralisk x3  
  89  8:18  Overseer  
  94  8:31  Drone x4  
  96  8:35  Drone x7  
  103  8:47  Overlord x2, Extractor  
  103  8:48  Extractor  
  101  8:53  Lurker x4  
  111  8:55  Ultralisk  
  111  9:08  Hatchery  
  110  9:21  Ultralisk  
  110  9:23  Chitinous Plating  
  116  9:31  Extractor  
  116  9:32  Spore Crawler  
  116  9:33  Spore Crawler x2  
  109  9:39  Viper  
  109  9:42  Drone x3  
  109  9:45  Spore Crawler  
  110  9:49  Spore Crawler  
  110  9:52  Spore Crawler  
  108  9:53  Spore Crawler x2  
  108  9:54  Spore Crawler x2  
  108  9:57  Viper  
  107  10:08  Zergling x2  
  107  10:09  Zergling x12  
  114  10:15  Drone  
  115  10:22  Overlord  
  115  10:23  Viper  
  115  10:25  Hydralisk  
  115  10:26  Hydralisk  
  122  10:38  Overlord x3  
  122  10:55  Hydralisk x4  
  123  11:05  Ultralisk  
  123  11:10  Hydralisk  
  131  11:15  Overlord  
  129  11:29  Hydralisk x5  
  139  11:37  Zergling x2  
  139  11:38  Zergling x8  
Tags
 
Add a new tag
Caveats
  • Supply blocks, unpowered buildings, or Contaminate may cause inaccurate times.
  • Supply counts are checked every 10 seconds.